 Dungeon Sprint DCSS version 0.29-a0-369-gd956c00756 (webtiles) character file.

Game seed: 8323926771423471758

26 Hrothgar the Sneak (level 2, -3/25 HPs)
             Began as a Draconian Brigand on May 1, 2022.
             Slain by an ogre
             ... wielding a +0 giant spiked club
              (28 damage)
             ... in the Dungeon (Sprint I: "Red Sonja").
             The game lasted 00:00:45 (234 turns).

Hrothgar the Sneak (Draconian Brigand)               Turns: 234, Time: 00:00:46

Health: -3/25      AC:  5    Str: 13    XL:     2   Next: 89%
Magic:  2/2        EV: 12    Int: 11    God:
Gold:   0          SH:  0    Dex: 12    Spells: 1/1 levels left

rFire   . . .      SeeInvis .   a - +2 dagger
rCold   . . .      Faith    .   (no shield)
rNeg    . . .      Spirit   .   (body armour unavailable)
rPois   .          Reflect  .   (helmet restricted)
rElec   .          Harm     .   b - +0 cloak
rCorr   .          Rampage  .   (no gloves)
Will    .....      NoTele   +   (no boots)
Stlth   +++.......              (no amulet)
HPRegen 0.08/turn               (no ring)
MPRegen 0.08/turn               (no ring)

@: no status effects
A: AC +4, unfitting armour, cold-blooded
a: no special abilities


You were in the Dungeon.
You visited 1 branch

Inventory:

Hand Weapons
 a - a +2 dagger (weapon)
Missiles
 c - 9 poisoned darts
 d - 3 curare-tipped darts (quivered)
Armour
 b - a +0 cloak (worn)
Wands
 g - a wand of iceblast (6)
Scrolls
 j - a scroll of blinking
Potions
 e - a potion of curing
 f - a potion of heal wounds
 h - 2 potions of magic
 i - a potion of berserk rage
 k - a potion of cancellation {unknown}


   Skills:
 * Level 2.9 Fighting
 * Level 3.0 Short Blades
 * Level 1.2(2.0) Slings
 * Level 2.3(2.6) Throwing
 * Level 1.6 Dodging
 * Level 5.3 Stealth


You had one spell level left.
You didn't know any spells.
Your spell library was empty.

Dungeon Overview and Level Annotations

Branches:
Dungeon (1/1)

Altars:


Innate Abilities, Weirdness & Mutations

Your plain brown scales are hard. (AC +4)
You cannot fit into any form of body armour.
You are cold-blooded and may be slowed by cold attacks.


Message History

Ijyb is almost dead.
Ijyb hits you with a +0 dagger.
You closely miss Ijyb.
Ijyb is almost dead.
You hit Ijyb but do no damage. You punch Ijyb, but do no damage.
Ijyb is almost dead.
Ijyb hits you with a +0 dagger.
You completely miss Ijyb.
Ijyb is almost dead.
Ijyb closely misses you.
You barely miss Ijyb. You punch Ijyb, but do no damage.
Ijyb is almost dead.
You completely miss Ijyb. You tail-slap Ijyb.
You kill Ijyb!
Your Short Blades skill increases to level 3!
Your base Slings skill increases to level 1!
Your Throwing skill increases to level 2!
Your Dodging skill increases to level 1!
Your Stealth skill gained 2 levels and is now at level 5!
You have reached level 2!
g - a wand of iceblast (6);
k - a coppery potion
Things that are here:
a +0 dagger; a +0 scale mail You start resting.
Your extra speed is starting to run out.
You start resting.
You feel yourself slow down.
You start resting.
HP restored.
Things that are here:
a +0 dagger; a +0 scale mail You open the door.
An ogre comes into view. It is wielding a +0 giant spiked club.
There is an open door here.
The helpless ogre fails to defend itself.
You impale the ogre!!
The ogre is severely wounded.
The ogre hits you with a +0 giant spiked club!!
Ouch! That really hurt!
You die...

##########
#<.#.)'@.#
#..'..#.O+
#..#####+#
#..# #..#
#..# #⌠⌠#
####


You could see an ogre.

Vanquished Creatures
  Ijyb (D)
1 creature vanquished.

Notes
Turn   | Place    | Note
-------+----------+-------------------------------------------
     0 | D        | Hrothgar the Draconian Brigand began the quest for the Orb.
     0 | D        | Reached XP level 1. HP: 17/17 MP: 1/1
     2 | D        | Noticed Ijyb
    52 | D        | Killed Ijyb
    53 | D        | Reached skill level 1 in Slings
    53 | D        | Reached skill level 1 in Dodging
    53 | D        | Reached skill level 5 in Stealth
    53 | D        | Reached XP level 2. HP: 11/25 MP: 2/2
   231 | D        | Noticed an ogre
   234 | D        | Slain by an ogre

Illustrated notes

Levels and vault maps discovered:
D:        dungeon_sprint_1 [red_sonja_temple_1, red_sonja_temple_small_1]

Skill      XL: |  1 |
---------------+----+-----
Short Blades   | 3 |  3.0
Slings         | 1 |  1.2
Throwing       | 2 |  2.3
Dodging        | 1 |  1.6
Stealth        | 5 |  5.3
Fighting       | |  2.9

Action                   || total
-------------------------++-------
Melee: Dagger            ||    48
       Tailslap          ||     9
       Punch             ||     3
  Use: Potion            ||     1
 Stab: Sleeping          ||     2
Armor: Skin              ||     8
Dodge: Dodged            ||    14

Table legend: (Time is in decaauts)
 A = Elapsed time spent in this place.
 B = Non-inter-level travel time spent in this place.
 C = Inter-level travel time spent in this place.
 D = Time resting spent in this place.
 E = Time spent auto-exploring this place.
 F = Levels seen in this place.
 G = Mean time per level.
                   A        B        C        D        E       F      G
               +--------+--------+--------+--------+--------+-----+--------+
         Total |    210 |    210 |      0 |    169 |      0 |   1 |  210.0 |
       Dungeon |    210 |    210 |      0 |    169 |      0 |   1 |  210.0 |
               +--------+--------+--------+--------+--------+-----+--------+

Top non-repeatable levels by time:
       D: 210 daAuts
